 Dungeon Crawl Stone Soup version 0.24.0-28-g17ded55e90 (webtiles) character file.

Game seed: 15909518461412993120, levelgen mode: deterministic

541 Delamore the Cleaver (level 7, -11/57 HPs)
             Began as a Hill Orc Fighter on Nov 13, 2019.
             Was a Follower of Okawaru.
             Killed by divine providence
             ... invoked by an orc priest
              (13 damage)
             ... on level 4 of the Dungeon.
             The game lasted 00:06:36 (3925 turns).

Delamore the Cleaver (Hill Orc Fighter)             Turns: 3925, Time: 00:06:37

Health: -11/57     AC:  8    Str: 21    XL:     7   Next: 26%
Magic:  7/7        EV:  7    Int:  8    God:    Okawaru [*.....]
Gold:   85         SH:  9    Dex: 14    Spells: 6/6 levels left

rFire    . . .     SeeInvis .   x - +9 long sword of Domuuh {flame, +Rage Dex+4}
rCold    . . .     Gourm    .   c - +0 shield
rNeg     . . .     Faith    .   b - +0 scale mail
rPois    .         Spirit   .   m - +0 helmet
rElec    .         Reflect  .   (no cloak)
rCorr    .         Harm     .   (no gloves)
MR       .....                  l - -1 pair of boots (curse)
Stlth    ..........             (no amulet)
HPRegen  0.19/turn              (no ring)
MPRegen  0.10/turn              (no ring)

@: starving
A: no striking features
a: Heroism, Renounce Religion, Convert to Beogh, Evoke Berserk Rage


You were on level 4 of the Dungeon.
You worshipped Okawaru.
Okawaru was aware of your devotion.
You were starving.

You visited 1 branch of the dungeon, and saw 4 of its levels.

You collected 85 gold pieces.

Inventory:

Hand Weapons
 a - a +0 war axe
 x - the +9 long sword of Domuuh (weapon) {flame, +Rage Dex+4}
   (You found it on level 4 of the Dungeon)

   It has been specially enchanted to burn those struck by it, causing extra
   injury to most foes and up to half again as much damage against particularly
   susceptible opponents.
   Big, fiery blades are also staple armaments of hydra-hunters.
   It affects your dexterity (+4).
   It lets you go berserk.
Missiles
 g - 7 javelins (quivered)
Armour
 b - a +0 scale mail (worn)
 c - a +0 shield (worn)
 l - a cursed -1 pair of boots (worn)
 m - a +0 helmet (worn)
 v - a +0 pair of boots
Jewellery
 t - a cursed amulet of inaccuracy {unknown}
 y - an uncursed ring of positive energy {unknown}
Wands
 o - a wand of polymorph (12)
 z - a wand of flame (17)
Scrolls
 e - 3 scrolls of remove curse {unknown}
 j - a scroll of enchant armour {unknown}
 p - 2 scrolls of teleportation {unknown}
 q - 7 scrolls of identify {unknown}
 r - 2 scrolls of amnesia {unknown}
 u - a scroll of immolation {unknown}
Potions
 d - a potion of might
 h - 3 potions of heal wounds {unknown}
 i - a potion of agility {unknown}
 k - a potion of curing {unknown}
 n - a potion of lignification {unknown}
 s - a potion of degeneration {unknown}
 w - 3 potions of berserk rage {unknown}
Comestibles
 f - 9 rations


   Skills:
 - Level 3.6 Fighting
 - Level 2.4 Long Blades
 * Level 9.6 Axes
 - Level 3.2 Armour
 - Level 3.2 Shields


You had 6 spell levels left.
You didn't know any spells.
Your spell library was empty.

Dungeon Overview and Level Annotations

Branches:
Dungeon (4/15)
 Temple: D:4-7

Altars:
Dithmenos
Gozag
Okawaru
Qazlal


Message History

You closely miss the orc.
The orc priest shouts, "Surrender to Beogh and we'll let you live!"
The orc barely misses you.
You riposte.
You hit the orc. You burn the orc.
The orc is heavily wounded.
The orc hits you but does no damage.
The orc priest shouts, "Beogh is our master!
Accept the truth or die!"
Your shield and scale mail prevent you from hitting the orc.
The orc is heavily wounded.
The orc priest calls upon Beogh to heal the orc.
The orc's wounds heal themselves!
The orc hits you with a +0 flail.
* * * LOW HITPOINT WARNING * * *
Your shield and scale mail prevent you from hitting the orc.
The orc hits you but does no damage.
Unknown command.
You slash the orc! You burn the orc.
You kill the orc!
Okawaru accepts your kill.
The orc priest invokes the aid of Beogh against you.
Beogh smites you!
You die...

#### ####.# ##.######.... ...#
#....# #........##. ##.# #.####
#.#########. #.# #.# ##'## #. #.#
#.# ##...## ## #.# #.##
##.....######## ##.# #.(##
##.......##.....
##.########...####o........#.#...
................@)o........'.....
##.########...####.........###...
##.#####§≈...≈^^.##.......## #.#.
#......^##...^#≈..##.....## #.##
#..###..###...#≈§.###...## #.#
#.## #...#^≈.≈##≈≈# ##'## #.# #.#
#.≈..≈..≈..^≈## #.# #.# #.#
#......_......# #.# #.# #.#
##^.^^...≈≈.^.###.#######.#


You could see 2 orc priests.

Vanquished Creatures
  Sigmund (D:4)
  A scorpion (D:4)
  A centaur skeleton (D:4)
  An orc priest (D:4)
  An orc wizard (D:3)
  Jessica (D:2)
  A worker ant (D:4)
  Robin (D:2)
  5 adders (D:3)
  2 oozes (D:3)
  3 worms
  2 dart slugs
  4 leopard geckos
  13 orcs
  7 bats
  3 giant cockroaches
  19 goblins
  19 hobgoblins
  6 kobolds
  A quokka (D:3)
  2 ball pythons
  4 frilled lizards
  6 rats
104 creatures vanquished.

Notes
Turn   | Place    | Note
-------+----------+-------------------------------------------
     0 | D:1      | Delamore the Hill Orc Fighter began the quest for the Orb.
     0 | D:1      | Reached XP level 1. HP: 19/19 MP: 1/1
     0 | D:1      | Noticed a ghoul
     0 | D:1      | Noticed a ghoul
     2 | D:1      | Noticed a draconian
     4 | D:1      | Noticed a naga
     6 | D:1      | Noticed a draconian
     7 | D:1      | Noticed a spriggan
     8 | D:1      | Noticed a vampire
    10 | D:1      | Noticed a felid
    12 | D:1      | Noticed a formicid
    14 | D:1      | Noticed a vine stalker
    16 | D:1      | Noticed a centaur
    42 | D:1      | Reached skill level 3 in Axes
    88 | D:1      | Reached XP level 2. HP: 26/26 MP: 2/2
   180 | D:1      | Reached skill level 4 in Axes
   585 | D:1      | Reached XP level 3. HP: 31/31 MP: 3/3
   727 | D:2      | Noticed Robin
   919 | D:2      | Reached skill level 5 in Axes
   923 | D:2      | Killed Robin
   936 | D:2      | Noticed Jessica
  1041 | D:2      | Reached XP level 4. HP: 39/39 MP: 4/4
  1266 | D:2      | Killed Jessica
  1266 | D:2      | Reached skill level 6 in Axes
  1583 | D:3      | Reached XP level 5. HP: 26/45 MP: 5/5
  1767 | D:3      | Reached skill level 7 in Axes
  1924 | D:3      | Noticed a crocodile
  1954 | D:3      | Found a shadowy altar of Dithmenos.
  2105 | D:3      | Found an iron altar of Okawaru.
  2132 | D:3      | Became a worshipper of Warmaster Okawaru
  2409 | D:3      | Found an opulent altar of Gozag.
  2568 | D:3      | Reached skill level 8 in Axes
  2568 | D:3      | Reached XP level 6. HP: 44/51 MP: 6/6
  2795 | D:4      | Noticed Sigmund
  2810 | D:4      | Killed Sigmund
  2810 | D:4      | Reached skill level 9 in Axes
  3040 | D:4      | Reached * piety under Okawaru
  3040 | D:4      | Reached XP level 7. HP: 57/57 MP: 7/7
  3051 | D:4      | Got a polished long sword
  3052 | D:4      | Identified the +9 long sword of Domuuh {flame, +Rage Dex+4}
                  | (You found it on level 4 of the Dungeon)
  3073 | D:4      | Reached skill level 1 in Long Blades
  3114 | D:4      | HP: 2/57 [poisoned by a scorpion]
  3465 | D:4      | Found a stormy altar of Qazlal.
  3911 | D:4      | Identified the +2 robe "Xiejopt" {rN+ Slay-6 SInv}
  3921 | D:4      | HP: 2/57 [orc priest/divine providence (16)]
  3925 | D:4      | Killed from afar by an orc priest

Levels and vault maps discovered:
D:1:      shiori_arrival_whats_in_store_for_you, layout_basic
D:2:      layout_basic, uniq_jessica, uniq_robin
D:3:      layout_basic, marbit_many_paths, okawaru_gym_becter,
          nicolae_dithmenos_shadow_blocks, lightli_corner_chamber
D:4:      layout_loops_corners, grunt_qazlal_sundering, first_ration,
          uniq_sigmund

Skill      XL: |  1  2  3  4  5  6  7 |
---------------+----------------------+-----
Axes           | 3 4 5 6 8 9 |  9.6
Long Blades    | 2 |  2.4
Fighting       | |  3.6
Armour         | |  3.2
Shields        | |  3.2

Action                   |  1- 3 |  4- 6 |  7- 9 || total
-------------------------+-------+-------+-------++-------
Melee: War axe           |    95 |   215 |       ||   310
       Long sword        |       |       |    24 ||    24
  Eat: Chunk             |     1 |     6 |     1 ||     8
Armor: Scale mail        |    57 |    90 |     9 ||   156
Dodge: Dodged            |    30 |    59 |     4 ||    93
Block: Shield            |    63 |    85 |     7 ||   155
       Rpst.: Long sword |       |       |     1 ||     1
